12 | 0:00 | Drone | |
13 | 0:13 | Overlord | |
13 | 0:17 | Drone | |
14 | 0:31 | Drone x2 | |
14 | 0:34 | Drone | |
17 | 0:54 | Hatchery | |
16 | 0:57 | Drone | |
17 | 1:12 | Spawning Pool | |
17 | 1:14 | Drone | |
17 | 1:18 | Drone | |
18 | 1:20 | Extractor | |
18 | 1:23 | Drone | |
18 | 1:29 | Overlord | |
18 | 1:39 | Drone | |
19 | 2:00 | Zergling x4, Queen | |
23 | 2:02 | Roach Warren | |
23 | 2:06 | Drone | |
23 | 2:07 | Extractor | |
22 | 2:11 | Drone | |
23 | 2:23 | Drone | |
24 | 2:39 | Overlord | |
24 | 2:42 | Roach | |
24 | 2:44 | Roach x2 | |
30 | 2:45 | Roach | |
32 | 3:02 | Drone | |
32 | 3:03 | Lair | |
33 | 3:15 | Ravager | |
33 | 3:16 | Extractor | |
33 | 3:18 | Extractor | |
33 | 3:19 | Drone | |
33 | 3:31 | Drone | |
33 | 3:34 | Drone | |
35 | 3:38 | Overlord, Drone | |
36 | 3:49 | Drone | |
36 | 3:53 | Drone | |
38 | 3:56 | Drone | |
38 | 4:00 | Drone | |
39 | 4:03 | Drone | |
39 | 4:04 | Hydralisk Den | |
39 | 4:06 | Drone | |
40 | 4:10 | Drone | |
40 | 4:14 | Drone | |
42 | 4:20 | Overlord | |
42 | 4:22 | Ravager | |
43 | 4:28 | Roach | |
45 | 4:39 | Hydralisk | |
47 | 4:51 | Hydralisk, Overlord | |
49 | 4:54 | Drone | |
49 | 4:57 | Drone | |
49 | 4:59 | Drone | |
52 | 5:03 | Drone | |
52 | 5:04 | Hydralisk | |
55 | 5:09 | Drone x2 | |
55 | 5:14 | Overlord | |
57 | 5:16 | Hydralisk | |
57 | 5:18 | Drone | |
57 | 5:20 | Drone | |
61 | 5:22 | Drone | |
61 | 5:24 | Drone | |
61 | 5:27 | Drone | |
61 | 5:28 | Hydralisk | |
64 | 5:35 | Evolution Chamber | |
65 | 5:37 | Drone | |
65 | 5:39 | Drone | |
67 | 5:45 | Drone | |
67 | 5:46 | Overlord | |
67 | 5:48 | Drone | |
69 | 5:50 | Drone | |
69 | 5:52 | Drone | |
69 | 5:56 | Drone | |
72 | 5:59 | Drone | |
72 | 6:02 | Zerg Melee Weapons Level 1 | |
73 | 6:06 | Drone | |
73 | 6:10 | Drone | |
75 | 6:17 | Overlord, Burrow | |
75 | 6:18 | Drone | |
76 | 6:19 | Drone | |
76 | 6:20 | Drone | |
76 | 6:23 | Roach | |
80 | 6:35 | Roach | |
80 | 6:38 | Overlord | |
82 | 6:47 | Roach | |
84 | 6:55 | Baneling Nest | |
84 | 6:58 | Spore Crawler, Overlord | |
84 | 6:59 | Hydralisk, Overseer, Ravager x2 | |
84 | 7:00 | Overseer, Drone | |
87 | 7:08 | Spore Crawler | |
87 | 7:10 | Spore Crawler, Drone | |
87 | 7:11 | Hydralisk | |
87 | 7:12 | Drone | |
89 | 7:16 | Spore Crawler | |
89 | 7:17 | Overlord | |
89 | 7:18 | Drone | |
89 | 7:23 | Queen, Hydralisk | |
89 | 7:29 | Queen | |
94 | 7:34 | Drone, Spine Crawler | |
94 | 7:36 | Hydralisk | |
94 | 7:37 | Overlord | |
96 | 7:42 | Spine Crawler | |
95 | 7:44 | Drone, Spine Crawler | |
95 | 7:45 | Drone | |
95 | 7:48 | Hydralisk | |
95 | 7:51 | Spine Crawler | |
97 | 7:53 | Drone | |
97 | 7:56 | Infestation Pit | |
97 | 7:57 | Zerg Missile Weapons Level 1 | |
97 | 8:01 | Roach | |
97 | 8:02 | Spire | |
97 | 8:04 | Evolution Chamber, Drone | |
97 | 8:05 | Drone | |
99 | 8:13 | Roach | |
101 | 8:25 | Zergling x2 | |
102 | 8:29 | Zerg Ground Armor Level 1 | |
102 | 9:27 | Pneumatized Carapace, Infestor | |
102 | 9:29 | Lurker Den, Glial Reconstitution | |
102 | 9:30 | Zerg Flyer Weapons Level 1 | |
103 | 9:36 | Hatchery | |
102 | 9:40 | Overseer | |
102 | 9:50 | Zerg Melee Weapons Level 2 | |
102 | 10:09 | Zergling x2 | |
102 | 10:11 | Hive | |
90 | 10:18 | Roach | |
72 | 10:23 | Zerg Missile Weapons Level 2 | |
72 | 10:24 | Hydralisk | |
62 | 10:30 | Roach | |
62 | 10:33 | Overseer | |
62 | 10:35 | Hydralisk | |
64 | 10:41 | Hydralisk | |
68 | 10:47 | Hydralisk | |
68 | 10:48 | Drone x2 | |
68 | 10:49 | Queen, Drone x2 | |
77 | 10:50 | Drone x3 | |
77 | 10:51 | Extractor, Drone x3 | |
77 | 10:53 | Hydralisk | |
77 | 10:55 | Spore Crawler | |
77 | 10:56 | Spore Crawler | |
81 | 10:57 | Drone | |
81 | 10:58 | Hydralisk | |
81 | 10:59 | Extractor | |
81 | 11:01 | Drone | |
84 | 11:12 | Lurker | |
84 | 11:14 | Hydralisk, Drone | |
88 | 11:20 | Lurker, Hydralisk | |
88 | 11:21 | Spine Crawler | |
88 | 11:22 | Drone x2 | |
88 | 11:23 | Spine Crawler, Drone x2 | |
88 | 11:25 | Ultralisk Cavern, Zerg Flyer Armor Level 1 | |
93 | 11:26 | Lurker, Hydralisk, Drone | |
93 | 11:32 | Lurker, Hydralisk | |
99 | 11:38 | Ravager | |
99 | 11:39 | Roach | |
102 | 11:44 | Lurker, Hydralisk | |
105 | 11:50 | Lurker, Hydralisk, Overlord | |
108 | 12:06 | Zerg Ground Armor Level 2 | |
108 | 12:55 | Hatchery | |
108 | 12:57 | Drone | |
108 | 13:17 | Roach | |
108 | 13:18 | Overlord, Zerg Flyer Weapons Level 2, Zerg Melee Weapons Level 3 | |
112 | 13:20 | Roach | |
112 | 13:23 | Roach | |
112 | 13:25 | Roach | |
116 | 13:28 | Infestor | |
116 | 13:31 | Infestor | |
120 | 13:35 | Tunneling Claws | |
120 | 13:38 | Overlord | |
120 | 13:41 | Ravager | |
120 | 13:42 | Roach | |
120 | 13:45 | Roach, Ravager | |
120 | 13:48 | Zergling x2 | |
115 | 13:51 | Roach | |
115 | 13:54 | Roach, Ravager | |
100 | 14:07 | Roach | |
100 | 14:08 | Queen | |
104 | 14:10 | Hydralisk | |
104 | 14:11 | Spore Crawler | |
104 | 14:13 | Hydralisk, Drone | |
104 | 14:16 | Hydralisk | |
108 | 14:19 | Spore Crawler, Extractor, Drone | |
108 | 14:20 | Drone | |
108 | 14:21 | Spore Crawler | |
108 | 14:22 | Zerg Missile Weapons Level 3, Hydralisk, Drone | |
108 | 14:23 | Lurker | |
113 | 14:24 | Extractor | |
113 | 14:25 | Hydralisk, Drone | |
113 | 14:26 | Lurker | |
113 | 14:29 | Lurker, Hydralisk | |
119 | 14:40 | Lurker | |
119 | 14:41 | Hydralisk | |
119 | 14:43 | Spine Crawler | |
119 | 14:44 | Drone | |
119 | 14:45 | Lurker, Hydralisk | |
122 | 14:46 | Spine Crawler | |
122 | 14:48 | Drone | |
125 | 14:53 | Lurker, Hydralisk | |
128 | 15:34 | Zerg Flyer Armor Level 2 | |
128 | 15:55 | Zerg Ground Armor Level 3 | |
128 | 16:39 | Zergling x4 | |
131 | 16:40 | Zergling x2, Mutalisk x3, Overlord | |
131 | 16:41 | Zergling x6 | |
131 | 16:42 | Mutalisk x3 | |
131 | 16:43 | Zergling x10 | |
131 | 16:44 | Zergling x2 | |
152 | 16:59 | Zergling x4, Mutalisk x3, Overlord | |
160 | 17:02 | Baneling | |
160 | 17:03 | Baneling x4 | |
160 | 17:04 | Baneling x2 | |
160 | 17:05 | Baneling | |
160 | 17:06 | Baneling x2, Metabolic Boost | |
157 | 17:08 | Zergling x4, Centrifugal Hooks | |
157 | 17:09 | Zergling x2 | |
157 | 17:10 | Zergling x4 | |
157 | 17:11 | Zergling x2, Mutalisk x2 | |
157 | 17:12 | Mutalisk | |
114 | 17:50 | Zerg Flyer Weapons Level 3 | |
114 | 18:00 | Hatchery | |
114 | 18:01 | Drone | |
114 | 18:25 | Adrenal Glands | |
114 | 19:14 | Queen | |
116 | 19:20 | Extractor | |
116 | 19:21 | Drone | |
116 | 19:22 | Spore Crawler | |
116 | 19:23 | Drone | |
116 | 19:32 | Spore Crawler, Hydralisk, Extractor, Drone | |
116 | 19:33 | Viper | |
116 | 19:35 | Viper, Hydralisk | |
116 | 19:36 | Drone | |
116 | 19:38 | Hydralisk | |
128 | 19:41 | Hydralisk | |
128 | 19:43 | Hydralisk | |
132 | 19:46 | Hydralisk | |
132 | 19:49 | Corruptor | |
132 | 19:52 | Hydralisk | |
136 | 19:55 | Hydralisk | |
136 | 19:58 | Hydralisk | |
137 | 20:00 | Spine Crawler | |
137 | 20:01 | Hydralisk, Drone | |
137 | 20:04 | Hydralisk, Spine Crawler | |
137 | 20:05 | Drone | |
135 | 20:07 | Hydralisk | |
135 | 20:10 | Corruptor | |
139 | 20:27 | Zerg Flyer Armor Level 3 | |